 Seeded DCSS version 0.29.1-1-gd02db6906a (webtiles) character file.

Game seed: 2433965425090961355 (custom seed)

104 GigaChad the Trooper (level 4, 0/44 HPs)
             Began as a Minotaur Fighter on Oct 4, 2022.
             Slain by a goblin
             ... wielding a +0 club
             ... led by Robin
              (3 damage)
             ... on level 3 of the Dungeon.
             The game lasted 00:04:07 (1955 turns).

GigaChad the Trooper (Minotaur Fighter)             Turns: 1955, Time: 00:04:09

Health: 0/44       AC:  8    Str: 22    XL:     4   Next: 52%
Magic:  1/1        EV:  9    Int:  5    God:
Gold:   84         SH:  4    Dex: 10    Spells: 3/3 levels left

rFire   . . .      SeeInvis .   g - +1 hand axe (antimagic)
rCold   . . .      Faith    .   c - +0 buckler
rNeg    . . .      Spirit   .   b - +1 scale mail
rPois   .          Reflect  .   (helmet restricted)
rElec   .          Harm     .   (no cloak)
rCorr   .          Rampage  .   (no gloves)
Will    .....                   (no boots)
Stlth   ..........              (no amulet)
HPRegen 0.14/turn               (no ring)
MPRegen 0.07/turn               (no ring)

@: hasted, very quick
A: horns 2, retaliatory headbutt
a: no special abilities


You were on level 3 of the Dungeon.
You visited 1 branch of the dungeon, and saw 3 of its levels.

You collected 84 gold pieces.

Inventory:

Hand Weapons
 a - a +0 long sword
 g - a +1 antimagic hand axe (weapon)
 j - a +0 battleaxe
Armour
 b - a +1 scale mail (worn)
 c - a +0 buckler (worn)
Scrolls
 k - a scroll of amnesia
Potions
 d - 2 potions of might
 e - a potion of haste
 f - a potion of lignification {unknown}
 h - a potion of attraction {unknown}


   Skills:
 - Level 5.7 Fighting
 - Level 2.5 Long Blades
 + Level 4.4 Armour
 - Level 3.8 Shields


You had 3 spell levels left.
You didn't know any spells.
Your spell library contained the following spells:

 Spells                   Type           Power      Damage    Failure   Level
 Portal Projectile        Hex/Tloc       0%         N/A       99%         3
 Tukima's Dance           Hex            0%         N/A       99%         3
 Blade Hands              Tmut           0%         N/A       100%        5


Dungeon Overview and Level Annotations

Branches:
Dungeon (3/15)

Altars:

Annotations:
D:3 Terence


Innate Abilities, Weirdness & Mutations

You have a pair of horns on your head.
You reflexively headbutt those who attack you in melee.


Message History

The goblin hits you but does no damage.
You are poisoned.
You feel yourself speed up.
You feel sick.
The goblin no longer looks unusually strong. x2
You block the gnoll's attack. You block the goblin's attack.
The goblin hits you but does no damage. The goblin barely misses you.
You hit the goblin.
You kill the goblin!
You barely miss the gnoll. You closely miss the goblin. You hit the goblin.
You kill the goblin!
You feel sick.
The hobgoblin no longer looks unusually strong.
The gnoll hits you with a +0 club. The goblin barely misses you.
You barely miss the goblin. You hit the hobgoblin. You closely miss the gnoll.
You feel sick.
The hobgoblin hits you but does no damage.
The gnoll hits you with a +0 club!
* * * LOW HITPOINT WARNING * * *
The goblin hits you but does no damage.
You slash the goblin!
You kill the goblin!
You hit the gnoll. You hit the hobgoblin.
You kill the hobgoblin!
You feel sick. The gnoll hits you with a +0 club.
* * * LOW HITPOINT WARNING * * *
You closely miss the frilled lizard. You hit the goblin.
You kill the goblin!
You closely miss the gnoll.
You feel sick. You block the frilled lizard's attack.
You closely miss the frilled lizard.
Your headbutt misses the frilled lizard.
You closely miss the goblin. You barely miss the gnoll.
You feel sick.
You are no longer poisoned.
You barely miss the frilled lizard.
Your headbutt misses the frilled lizard.
You hit the goblin. You hit the gnoll.
Terence shouts, "Get ready for death!"
The frilled lizard closely misses you. The gnoll hits you but does no damage.
The goblin hits you with a +0 club.
You die...

.... #.............# .
#####.......(..>..#
..####..?..............#
............####.......#
#......^............#
#.g<................
..###ggg)..##.##........
..?..@l@)...........>...
.....#####).............
........................
#########...###..##.....
.........##......
.......##.....#....
#####....#.##.......
#..#... #...[... ......
......###


You could see Terence, 3 gnolls, a goblin (strong) and a frilled lizard.

Vanquished Creatures
  Robin (D:3)
  3 adders
  A worm (D:2)
  A dart slug (D:1)
  3 ball pythons
  5 bats
  7 endoplasms
  4 giant cockroaches
  11 goblins
  6 hobgoblins
  5 kobolds
  3 quokkas
  3 frilled lizards
  3 rats
56 creatures vanquished.

Notes
Turn   | Place    | Note
-------+----------+-------------------------------------------
     0 | D:1      | GigaChad the Minotaur Fighter began the quest for the Orb.
     0 | D:1      | Reached XP level 1. HP: 19/19 MP: 0/0
   198 | D:1      | Reached skill level 4 in Fighting
   198 | D:1      | Reached XP level 2. HP: 24/27 MP: 1/1
  1099 | D:2      | Reached skill level 5 in Fighting
  1099 | D:2      | Reached XP level 3. HP: 24/36 MP: 0/2
  1838 | D:3      | Reached XP level 4. HP: 44/44 MP: 1/3
  1936 | D:3      | Noticed Robin
  1947 | D:3      | Noticed Terence
  1948 | D:3      | Killed Robin
  1955 | D:3      | Slain by a goblin

Illustrated notes

Levels and vault maps discovered:
D:1:      dpeg_arrival_simpleton_c, layout_basic
D:2:      layout_basic, dk_noncrumbling_3, corexii_leaking_fountain
D:3:      layout_rooms, serial_shops, shop, minmay_crystal_room, uniq_terence,
          uniq_robin, uniq_grinder, uniq_crazy_yiuf_cottage

Skill      XL: |  1  2  3  4 |
---------------+-------------+-----
Fighting       | 4 5 |  5.7
Armour         | 4 |  4.4
Long Blades    | |  2.5
Shields        | |  3.8

Action                   |  1- 3 |  4- 6 || total
-------------------------+-------+-------++-------
Melee: Long sword        |    32 |       ||    32
       Hand axe          |    52 |    22 ||    74
       Headbutt          |     7 |     2 ||     9
  Use: Scroll            |     7 |       ||     7
       Potion            |       |     1 ||     1
Armor: Scale mail        |    61 |    18 ||    79
Dodge: Dodged            |    62 |    12 ||    74
Block: Buckler           |    30 |    13 ||    43
